 Dungeon Crawl Stone Soup version 0.28-a0-983-g1de4e0787c (webtiles) character file.

Game seed: 3254170780402143401

5632 tsouns the Cleaver (level 10, -11/83 HPs)
             Began as a Demonspawn Chaos Knight on Dec 2, 2021.
             Was a Plaything of Xom.
             Mangled by a komodo dragon (28 damage)
             ... on level 1 of the Lair of Beasts.
             The game lasted 00:17:01 (10210 turns).

tsouns the Cleaver (Demonspawn Chaos Knight)       Turns: 10210, Time: 00:17:02

Health: -11/83     AC:  5    Str: 15    XL:     10   Next: 46%
Magic:  0/3        EV: 11    Int: 18    God:    Xom [......]
Gold:   1051       SH:  0    Dex: 12    Spells: 3/9 levels left

rFire   + . .      SeeInvis .   C - +0 battleaxe (antimagic)
rCold   + . .      Faith    .   (shield currently unavailable)
rNeg    . . .      Spirit   +   b - +2 leather armour
rPois   .          Reflect  .   (no helmet)
rElec   .          Harm     .   (cloak unavailable)
rCorr   .          Rampage  .   (no gloves)
Will    ++...                   (no boots)
Stlth   ++........              u - amulet of the acrobat
HPRegen 0.23/turn               B - ring "Gagain" {Fire +Blink Will+ Stlth+}
MPRegen 0.16/turn               f - ring of protection from cold

@: no status effects
A: foul stench 2, magic shield, magic regeneration, weakness stinger 3, claws 1,
cold resistance 1, low mp 1, strong-willed 1, strong 1
a: Renounce Religion, Evoke Blink


You were on level 1 of the Lair of Beasts.
You worshipped Xom.
You were a very special plaything of Xom.
You visited 2 branches of the dungeon, and saw 9 of its levels.

You collected 1415 gold pieces.
You spent 364 gold pieces at shops.

Inventory:

Hand Weapons
 a - a +0 hand axe of chaos
 e - a +0 war axe
 l - a +0 hand axe of electrocution
 y - the +6 dagger "Transmigrator" {freeze, Int+2}
   (You found it on level 5 of the Dungeon)

   It freezes those it strikes, dealing additional cold damage.
   It can also slow down cold-blooded creatures.
   Int:       It affects your intelligence (+2).
 C - a +0 antimagic battleaxe (weapon)
Missiles
 q - a throwing net
 t - 29 poisoned darts (quivered)
Armour
 b - a +2 leather armour (worn)
 o - a +2 buckler of protection
 r - a +1 scale mail of cold resistance
 z - the +1 cloak of Starlight {*Dazzle EV+4 Stlth--}
   (Xom gifted it to you on level 6 of the Dungeon)

   It may blind those who miss an attack against the wearer in melee combat.
   EV:        It affects your evasion (+4).
   Stlth:     It makes you much less stealthy.
Jewellery
 f - a ring of protection from cold (right claw)
 j - a ring of magical power
 m - a ring of see invisible
 u - an amulet of the acrobat (around neck)
 w - a ring of protection from cold
 x - a +4 ring of evasion
 A - a ring of resist corrosion
 B - the ring "Gagain" (left claw) {Fire +Blink Will+ Stlth+}
   (You found it on level 6 of the Dungeon)

   [ring of fire]

   It enhances your fire magic.
   rF:        It protects you from fire.
   rC:        It makes you vulnerable to cold.
   +Blink:    It lets you blink.
   Will:      It increases your willpower.
   Stlth:     It makes you more stealthy.
Wands
 E - a wand of iceblast (9)
 G - a wand of flame (6)
Scrolls
 c - 2 scrolls of immolation
 g - 2 scrolls of magic mapping
 h - 2 scrolls of teleportation
 k - a scroll of fog
 v - a scroll of noise {unknown}
Potions
 d - 2 potions of attraction
 i - 2 potions of brilliance
 n - 3 potions of curing
 p - 3 potions of heal wounds
 s - a potion of flight
 D - 2 potions of might
 F - a potion of berserk rage


   Skills:
 + Level 9.5 Fighting
 * Level 11.4 Axes
 - Level 1.7 Armour
 - Level 0.8 Dodging
 - Level 4.0 Shields


You had 3 spell levels left.
You knew the following spells:

 Your Spells              Type           Power      Damage    Failure   Level
a - Mephitic Cloud        Conj/Pois/Air  0%         N/A       63%         3
b - Magic Dart            Conj           0%         1d3       26%         1
c - Call Imp              Summ           0%         N/A       38%         2

Your spell library contained the following spells:

 Spells                   Type           Power      Damage    Failure   Level
 Ignite Poison            Fire/Tmut/Pois 0%         N/A       63%         3
 Inner Flame              Hex/Fire       0%         N/A       63%         3
 Cause Fear               Hex            0%         N/A       95%         4
 Freezing Cloud           Conj/Ice/Air   0%         6-21      100%        5
 Discord                  Hex            0%         N/A       100%        8


Dungeon Overview and Level Annotations

Branches:
Dungeon (8/15)             Temple (0/1) D:7            Lair (1/6) D:8

Altars:
Cheibriados
Elyvilon
Makhleb
Qazlal
Vehumet
Xom

Shops:
D:4 *   D:6 [


Innate Abilities, Weirdness & Mutations

You sometimes emit foul miasma when damaged in melee.
When hurt, damage is shared between your health and your magic reserves.
You regenerate magic rapidly.
You have a sharp stinger which inflicts weakening toxins.
You have sharp fingernails.
Your flesh is cold resistant. (rC+)
Your magical capacity is low. (-10% MP)
You are strong-willed. (Will+)
Your muscles are strong. (Str +2)


Message History

The bullfrog is almost dead.
You slash the komodo dragon! The bullfrog closely misses you.
The bullfrog hits you but does no damage.
The komodo dragon bites you!!
You are too injured to fight recklessly!
You are too injured to fight recklessly!
You are too injured to fight recklessly!
You are too injured to fight recklessly!
You are too injured to fight recklessly!
You are too injured to fight recklessly!
You are too injured to fight recklessly!
You are too injured to fight recklessly!
You are too injured to fight recklessly!
You are too injured to fight recklessly!
You are too injured to fight recklessly!
You are too injured to fight recklessly!
You are too injured to fight recklessly!
You are too injured to fight recklessly!
You are too injured to fight recklessly!
You are too injured to fight recklessly!
You are too injured to fight recklessly!
You are too injured to fight recklessly!
You miss the bullfrog.
The bullfrog is almost dead.
You hit the komodo dragon but do no damage.
The bullfrog closely misses you. The komodo dragon bites you!!
* * * LOW HITPOINT WARNING * * *
You emit a cloud of foul miasma!
You slash the bullfrog!
You kill the bullfrog!
You hit the komodo dragon.
The komodo dragon is engulfed in dark miasma.
The komodo dragon is poisoned.
The komodo dragon seems to slow down.
The komodo dragon closely misses you.
You slash the komodo dragon!
The komodo dragon is severely wounded.
The komodo dragon is engulfed in dark miasma.
The komodo dragon looks even sicker.
The komodo dragon bites you!!
You die...
Xom guffaws!

##### ##
#####.#.####.###
........).......
..........$.....
................
........@l......
.........†......
................
########......##
#......#
#......#
.......#
#....... ......#


You could see a komodo dragon (very poisoned, slow).

Vanquished Creatures
  2 two-headed ogres
  A manticore (D:8)
  A rime drake (Lair:1)
  A komodo dragon (D:8)
  A hornet (D:7)
  2 steam dragons
  Menkaure (D:6)
  A naga (D:6)
  2 ice beasts
  A black bear (D:8)
  2 sky beasts
  2 ogres
  6 bullfrogs
  5 wights
  3 killer bees (D:7)
  A howler monkey (D:8)
  A bullfrog zombie (D:7)
  2 centaur zombies
  A jelly (D:6)
  2 hounds
  A gnoll shaman (D:7)
  6 orc priests
  A bullfrog skeleton (D:7)
  A scorpion zombie (D:5)
  3 iguanas
  7 orc wizards
  7 gnolls
  9 adders
  A shadow imp (D:8)
  An ufetubus (D:5)
  An adder skeleton (D:4)
  2 dart slugs
  16 orcs
  10 ball pythons
  6 endoplasms
  A giant cockroach (D:2)
  3 goblins
  5 hobgoblins
  4 jackals
  3 quokkas
  6 bats
  2 frilled lizards
  9 kobolds
  3 rats
146 creatures vanquished.

Vanquished Creatures (collateral kills)
  A kobold brigand (D:8)
  7 wights
  A howler monkey (D:6)
  3 orc priests (D:7)
  3 orc wizards
  A howler monkey zombie (D:7)
  An ufetubus (D:7)
  2 orcs
  4 kobolds (D:8)
23 creatures vanquished.

Vanquished Creatures (others)
  A fungus (Lair:1)
  25 plants (D:8)
26 creatures vanquished.

Grand Total: 195 creatures vanquished

Notes
Turn   | Place    | Note
-------+----------+-------------------------------------------
     0 | D:1      | tsouns the Demonspawn Chaos Knight began the quest for the
                  | Orb.
     0 | D:1      | Reached XP level 1. HP: 18/18 MP: 1/1
   152 | D:1      | XOM: potion effect (curing)
   156 | D:1      | Reached skill level 3 in Axes
   226 | D:1      | Gained mutation: You have a small tail. [demonic ancestry]
   226 | D:1      | Reached XP level 2. HP: 23/24 MP: 2/2
   317 | D:1      | XOM: silly message
   355 | D:1      | Found a faded altar of an unknown god.
   971 | D:1      | XOM: cloud trail
  1049 | D:2      | XOM: god gift: 895 gold pieces
  1108 | D:2      | Reached XP level 3. HP: 29/29 MP: 3/3
  1220 | D:2      | Reached skill level 1 in Shields
  1804 | D:3      | Gained mutation: You have a tail ending in a sharp stinger.
                  | [demonic ancestry]
  1804 | D:3      | Reached XP level 4. HP: 35/35 MP: 4/4
  1916 | D:3      | Reached skill level 4 in Axes
  1993 | D:3      | XOM: give mutation
  1993 | D:3      | Gained mutation: Your flesh is heat resistant. (rF+) [Xom's
                  | grace]
  2111 | D:3      | XOM: god gift: +2 buckler of protection
  2140 | D:3      | Found a radiant altar of Vehumet.
  2203 | D:3      | Gained mutation: You regenerate magic rapidly. [demonic
                  | ancestry]
  2203 | D:3      | Reached XP level 5. HP: 42/42 MP: 5/5
  2972 | D:4      | Found Vemegar's General Store.
  2979 | D:4      | Bought a potion of curing for 39 gold pieces
  2979 | D:4      | Bought a +1 scale mail of cold resistance for 208 gold
                  | pieces
  2979 | D:4      | Bought a wand of iceblast (5) for 117 gold pieces
  3047 | D:4      | XOM: scenery: 2 doors open
  3180 | D:4      | XOM: summons friendly ufetubus
  3186 | D:4      | Gained mutation: You may rarely emit foul miasma when
                  | damaged in melee. [demonic ancestry]
  3186 | D:4      | Reached XP level 6. HP: 21/47 MP: 6/6
  3213 | D:4      | XOM: scenery: summon butterflies
  3268 | D:4      | XOM: 2-stop teleportation journey
  3368 | D:4      | XOM: 2-stop teleportation journey
  3646 | D:4      | Reached skill level 5 in Axes
  3972 | D:4      | XOM: confuse monster(s)
  4081 | D:4      | XOM: give mutations
  4081 | D:4      | Gained mutation: Your magical capacity is low. (-10% MP)
                  | [Xom's mischief]
  4196 | D:4      | XOM: silly message
  4388 | D:4      | XOM: give mutations
  4388 | D:4      | Gained mutation: You are dopey. (Int -2) [Xom's mischief]
  4388 | D:4      | Gained mutation: You are clumsy. (Dex -2) [Xom's mischief]
  4388 | D:4      | Gained mutation: Armour fits poorly on your strangely
                  | shaped body. [Xom's mischief]
  4411 | D:5      | Entered Level 5 of the Dungeon
  4604 | D:5      | XOM: enchant monster (good)
  4667 | D:5      | Gained mutation: When hurt, damage is shared between your
                  | health and your magic reserves. [demonic ancestry]
  4667 | D:5      | Reached XP level 7. HP: 5/55 MP: 6/6
  4707 | D:5      | XOM: stat loss: -1 Str (11/12)
  5045 | D:5      | XOM: give mutations
  5045 | D:5      | Gained mutation: You do not regenerate when monsters are
                  | visible. [Xom's mischief]
  5045 | D:5      | Lost mutation: Armour fits poorly on your strangely shaped
                  | body. [Xom's mischief]
  5056 | D:5      | Reached skill level 5 in Fighting
  5056 | D:5      | Reached skill level 6 in Axes
  5057 | D:5      | Lost mutation: You are clumsy. (Dex -2) [potion of
                  | mutation]
  5057 | D:5      | Lost mutation: You do not regenerate when monsters are
                  | visible. [potion of mutation]
  5057 | D:5      | Lost mutation: You are dopey. (Int -2) [potion of mutation]
  5057 | D:5      | Gained mutation: You are strong-willed. (Will+) [potion of
                  | mutation]
  5057 | D:5      | Gained mutation: You have sharp fingernails. [potion of
                  | mutation]
  5057 | D:5      | Gained mutation: Your system is resistant to poisons.
                  | (rPois) [potion of mutation]
  5079 | D:5      | Identified the +6 dagger "Transmigrator" {freeze, Int+2}
  5158 | D:5      | XOM: 3-stop teleportation journey
  5634 | D:6      | Found a shimmering altar of Xom.
  5641 | D:6      | Learned a level 3 spell: Mephitic Cloud
  5696 | D:6      | Noticed Menkaure
  5697 | D:6      | XOM: draining
  5705 | D:6      | Killed Menkaure
  5864 | D:6      | XOM: polymorph orc warrior -> howler monkey
  5869 | D:6      | XOM: summons 3 friendly demons
  5893 | D:6      | Reached XP level 8. HP: 63/63 MP: 3/7
  5945 | D:6      | Noticed a two-headed ogre
  5954 | D:6      | XOM: 4-stop teleportation journey
  5955 | D:6      | XOM: fake destruction
  5958 | D:6      | XOM: god gift: staff of air
  5980 | D:6      | XOM: divination: magic mapping
  5983 | D:6      | Killed a two-headed ogre
  5984 | D:6      | Reached skill level 7 in Axes
  6214 | D:6      | Identified a scroll of acquirement
  6223 | D:6      | Acquired an amulet of the acrobat
  6237 | D:6      | Found Jontent's Antique Armour Emporium.
  6276 | D:6      | XOM: polymorph ogre -> naga
  6279 | D:6      | Reached skill level 8 in Axes
  6368 | D:6      | XOM: god gift: +1 cloak of Starlight {*Dazzle EV+4 Stlth--}
  6369 | D:6      | Found the +1 cloak of Starlight {*Dazzle EV+4 Stlth--}
  6451 | D:6      | Gained mutation: You have a sharp stinger which inflicts
                  | weakening toxins. [demonic ancestry]
  6451 | D:6      | Reached XP level 9. HP: 72/72 MP: 8/8
  6477 | D:6      | XOM: god gift: staff of conjuration
  6497 | D:6      | XOM: noise
  6546 | D:6      | XOM: stat loss: -1 Int (19/20)
  6675 | D:6      | Identified the ring "Gagain" {Fire +Blink Will+ Stlth+}
  6778 | D:6      | XOM: give mutations
  6778 | D:6      | Lost mutation: Your system is resistant to poisons. (rPois)
                  | [Xom's mischief]
  6778 | D:6      | Gained mutation: Your muscles are strong. (Str +2) [Xom's
                  | mischief]
  7182 | D:7      | XOM: confusion (+ monsters)
  7184 | D:7      | XOM: summons friendly crimson imp
  7206 | D:6      | XOM: fake destruction
  7332 | D:7      | Reached skill level 9 in Axes
  7703 | D:7      | XOM: fog
  7985 | D:7      | XOM: give mutations
  7985 | D:7      | Gained mutation: You are frail. (-10% HP) [Xom's mischief]
  7985 | D:7      | Lost mutation: Your flesh is heat resistant. (rF+) [Xom's
                  | mischief]
  7999 | D:7      | XOM: summons 4 hostile shadow creatures
  8002 | D:7      | Found a snail-covered altar of Cheibriados.
  8012 | D:7      | XOM: summons 5 hostile demons
  8026 | D:7      | XOM: 2-stop teleportation journey
  8179 | D:7      | Paralysed by a hornet for 1 turns
  8378 | D:7      | Found a staircase to the Ecumenical Temple.
  8413 | D:7      | Reached skill level 10 in Axes
  8417 | D:7      | XOM: give mutation
  8417 | D:7      | Gained mutation: Your flesh is cold resistant. (rC+) [Xom's
                  | grace]
  8601 | D:7      | Found a burning altar of Makhleb.
  8820 | D:7      | XOM: give mutation
  8820 | D:7      | Lost mutation: You are frail. (-10% HP) [Xom's mischief]
  8974 | D:8      | Found a stormy altar of Qazlal.
  9103 | D:8      | Learned a level 1 spell: Magic Dart
  9106 | D:8      | Learned a level 2 spell: Call Imp
  9122 | D:8      | XOM: confuse monster(s)
  9173 | D:8      | Gained mutation: You sometimes emit foul miasma when
                  | damaged in melee. [demonic ancestry]
  9173 | D:8      | Reached XP level 10. HP: 61/82 MP: 3/9
  9233 | D:8      | XOM: 7-stop teleportation journey
  9236 | D:8      | Noticed a manticore
  9246 | D:8      | Killed a manticore
  9651 | D:8      | Noticed a two-headed ogre
  9659 | D:8      | XOM: divination: detect items
  9660 | D:8      | Killed a two-headed ogre
  9661 | D:8      | Reached skill level 11 in Axes
  9885 | D:8      | Found a staircase to the Lair.
  9887 | D:8      | XOM: silly message
 10062 | Lair:1   | Entered Level 1 of the Lair of Beasts
 10196 | Lair:1   | XOM: 1-stop teleportation journey
 10197 | Lair:1   | XOM: blink monster(s)
 10210 | Lair:1   | Mangled by a komodo dragon

Illustrated notes

Levels and vault maps discovered:
D:1:      psy_arrival_spokes, layout_basic, shapermc_ecumenical_altar_venn,
          serial_bayou_pond_d, minmay_quantized
D:2:      layout_loops_ring
D:3:      minmay_skewed_foursquare, layout_loops_ring,
          mainiacjoe_overflow_alcove_2, mainiacjoe_overflow_six_doors_small
D:4:      minmay_door_path, layout_loops_ring, serial_shops, shop
D:5:      layout_gridville
D:6:      layout_basic, amcnicky_altar_gilded, serial_shops, shop, uniq_menkaure
D:7:      statuecave_lemuel, layout_cave_pools, overflow_temple_1_default,
          lightli_temple_of_fire, minmay_temple_entry_mini_moons,
          kennysheep_generic_room_6
D:8:      layout_rooms, nicolae_qazlal_style_of_elements, david_lair_shrubbed,
          minmay_microvault
Lair:1:   layout_big_grid, kennysheep_rathole

Skill      XL: |  1  2  3  4  5  6  7  8  9 10 |
---------------+-------------------------------+-----
Axes           | 3 4 5 6 8 10 11 | 11.4
Shields        | 1 2 3 4 |  4.0
Fighting       | 4 5 7 8 9 |  9.5
Armour         | |  1.7
Dodging        | |  0.8

Action                   |  1- 3 |  4- 6 |  7- 9 | 10-12 || total
-------------------------+-------+-------+-------+-------++-------
Melee: War axe           |    80 |       |       |       ||    80
       Tailslap          |     6 |    15 |    26 |     3 ||    50
       Hand axe          |     7 |   175 |    51 |       ||   233
       Dagger            |       |       |    80 |       ||    80
       Battleaxe         |       |       |   111 |    37 ||   148
Throw: Dart              |       |     2 |    17 |     2 ||    21
       Throwing net      |       |       |     3 |       ||     3
Evoke: Wand              |       |       |     6 |     1 ||     7
  Use: Potion            |       |     3 |     9 |     1 ||    13
       Scroll            |       |     9 |     6 |     1 ||    16
 Stab: Petrified         |       |     2 |       |       ||     2
       Petrifying        |       |     1 |       |       ||     1
       Invisible         |       |       |     3 |       ||     3
       Confused          |       |       |     1 |       ||     1
       Sleeping          |       |       |     1 |       ||     1
Armor: Leather armour    |    33 |    28 |    35 |     9 ||   105
       Scale mail        |       |    52 |    30 |       ||    82
       Skin              |       |       |     1 |       ||     1
Dodge: Dodged            |    56 |    62 |   165 |    23 ||   306
Block: Buckler           |    11 |    46 |    24 |       ||    81

Table legend: (Time is in decaauts)
 A = Elapsed time spent in this place.
 B = Non-inter-level travel time spent in this place.
 C = Inter-level travel time spent in this place.
 D = Time resting spent in this place.
 E = Time spent auto-exploring this place.
 F = Levels seen in this place.
 G = Mean time per level.
                   A        B        C        D        E       F      G
               +--------+--------+--------+--------+--------+-----+--------+
         Total |  10266 |   9925 |    341 |     22 |   8287 |   9 | 1140.7 |
       Dungeon |  10116 |   9775 |    341 |     22 |   8165 |   8 | 1264.5 |
          Lair |    149 |    149 |      0 |      0 |    122 |   1 |  149.0 |
               +--------+--------+--------+--------+--------+-----+--------+

Top non-repeatable levels by time:
     D:7: 1820 daAuts
     D:4: 1512 daAuts
     D:6: 1388 daAuts
     D:8: 1230 daAuts
     D:3: 1180 daAuts
     D:5: 1154 daAuts
     D:1: 1026 daAuts
     D:2: 804 daAuts
  Lair:1: 149 daAuts
